 Dungeon Crawl Stone Soup version 0.29.0-4-gdea44cf6ec (webtiles) character file.

Game seed: 4450208644094853514

25708 qw the Severer (level 12, -1/122 HPs)
             Began as a Minotaur Berserker on Sept 10, 2022.
             Was an Elder of Trog.
             Slain by a slime creature (4 damage)
             ... on level 5 of the Lair of Beasts.
             The game lasted 00:05:50 (19290 turns).

qw the Severer (Minotaur Berserker)                Turns: 19290, Time: 00:05:50

Health: -1/122     AC: 22    Str: 27    XL:     12   Next: 91%
Magic:  0/11       EV: 11    Int:  4    God:    Trog [****..]
Gold:   1116       SH:  0    Dex: 10    Spells: 11/11 levels left

rFire   . . .      SeeInvis +   k - +3 war axe
rCold   + . .      Faith    .   (no shield)
rNeg    . . .      Spirit   +   g - +0 chain mail
rPois   .          Reflect  .   s - +1 hat {SInv}
rElec   .          Harm     .   l - +0 cloak
rCorr   .          Rampage  .   i - +0 pair of gloves
Will    .....                   c - +0 pair of boots
Stlth   ..........              w - amulet of guardian spirit
HPRegen 0.30/turn               d - +4 ring of protection
MPRegen 0.12/turn               v - ring of protection from cold

@: lethally poisoned (-1 -> -39), about to teleport, on berserk cooldown
A: horns 2, retaliatory headbutt
a: Renounce Religion, Berserk, Trog's Hand, Brothers in Arms


You were on level 5 of the Lair of Beasts.
You worshipped Trog.
Trog was greatly pleased with you.
You visited 2 branches of the dungeon, and saw 15 of its levels.
You also visited: Sewer.

You collected 1116 gold pieces.


Innate Abilities, Weirdness & Mutations

You have a pair of horns on your head.
You reflexively headbutt those who attack you in melee.


   Skills:
 - Level 16.0 Fighting
 - Level 16.0 Axes
 + Level 12.7 Armour
 - Level 6.0 Dodging


You had 11 spell levels left.
You didn't know any spells.
Your spell library was empty.

Inventory:

Hand Weapons
 a - a +0 eveningstar
 k - a +3 war axe (weapon)
Armour
 c - a +0 pair of boots (worn)
 g - a +0 chain mail (worn)
 i - a +0 pair of gloves (worn)
 j - a +4 ring mail of cold resistance
 l - a +0 cloak (worn)
 s - a +1 hat of see invisible (worn)
Jewellery
 d - a +4 ring of protection (left hand)
 o - a ring of positive energy
 t - a ring of resist corrosion
 u - a ring of fire
 v - a ring of protection from cold (right hand)
 w - an amulet of guardian spirit (around neck)
 Y - a ring of willpower
Wands
 e - a wand of digging (2)
Scrolls
 h - 5 scrolls of identify
 p - 3 scrolls of teleportation
Potions
 f - 3 potions of might
 m - 3 potions of curing
 n - 3 potions of mutation
 q - 2 potions of cancellation
 r - 3 potions of haste

Dungeon Overview and Level Annotations

Branches:
Dungeon (10/15)            Temple (0/1) D:6            Lair (5/5) D:9
 Shoals (0/4) Lair:3        Snake (0/4) Lair:3        Slime (0/5) Lair:5
  Sewer (visited)
    Orc: D:9-12

Altars:
Cheibriados
Gozag
Okawaru

Shops:
D:2 (   D:4 (   D:7 [

Annotations:
D:4 1 runed translucent door, Crazy Yiuf


Message History

19286 ||| READING 4 scrolls of teleportation.
As you read the scroll of teleportation, it crumbles to dust.
You feel strangely unstable.
You feel very sick.
The cane toad stings you but does no damage.
The yak gores you but does no damage. The boulder beetle closely misses you.
The yak gores you but does no damage.
19287 ||| DRINKING 2 potions of heal wounds.
You feel much better.
You feel sick. The cane toad stings you!
You are more poisoned.
The cane toad poisons you! The yak closely misses you.
The boulder beetle barely misses you.
The boulder beetle leaps!
The yak gores you but does no damage. The slime creature hits you!
19288 ||| DRINKING potion of heal wounds.
You feel much better.
You feel extremely sick.
The cane toad stings you but does no damage.
The cane toad stings you!
You are lethally poisoned!
The cane toad poisons you! The yak misses you.
The yak gores you but does no damage.
The boulder beetle bites you but does no damage.
The slime creature hits you!
You hit the cane toad. You headbutt the cane toad!
You kill the cane toad!
Trog accepts your kill.
You slash the slime creature!
You hit the boulder beetle but do no damage.
You hit the yak. You hit the yak but do no damage.
You feel extremely sick.
You slice the yak!!
You kill the yak!
Trog accepts your kill.
You can now call in reinforcements.
You hit the boulder beetle but do no damage.
You slash the yak! You hit the wyvern. You hit the slime creature.
You feel extremely sick.
The wyvern bites you but does no damage.
The boulder beetle bites you. The slime creature hits you.
You die...

..... #...#.#. .....
......... .. #..
##.......> .. #...
#.........
.####..###....#...
l........#.....# .
##F.......BYJ...#....
#.YB.0...l.@.........
##Y........l.........


Yl................. ..#...###.......... ..##### ##.....##.# ..# ......# . .##
....P## .. P..P.## You could see a boulder beetle, a slime creature, a yak, a
basilisk and a wyvern.

Vanquished Creatures
  Gastronok (Lair:1)
  Snorg (Lair:3)
  An ice dragon (Lair:4)
  2 hydras (Lair:4)
  A catoblepas (Lair:5)
  A boulder beetle (Lair:2)
  Erica (D:8)
  Pikel (D:8)
  A wolf spider (Lair:5)
  A merfolk siren (Lair:3)
  Maurice (D:10)
  3 black mambas
  Maggie (Lair:1)
  9 cane toads
  A torpor snail (Lair:1)
  3 rime drakes
  5 komodo dragons
  A merfolk (Lair:3)
  A slime creature (Lair:5)
  A blink frog (Lair:1)
  Prince Ribbit (D:5)
  10 wyverns
  10 yaks
  3 basilisks
  Eustachio (D:5)
  A redback (Lair:5)
  Grum (D:9)
  Menkaure (D:5)
  13 water moccasins
  An acid dragon (D:9)
  An orc warrior (D:7)
  2 ice beasts (D:6)
  2 black bears
  2 ogres
  14 wolves
  5 centaurs
  3 lemures (D:7)
  2 phantoms
  13 bullfrogs
  2 kobold brigands
  A gnoll sergeant (D:8)
  3 scorpions
  3 wights (D:9)
  3 howler monkeys (D:7)
  An electric eel (Lair:4)
  A lava snake (D:8)
  2 hounds
  5 jellies
  6 orc priests
  Ijyb (D:4)
  A gnoll bouda (D:6)
  4 iguanas
  6 orc wizards
  2 hell rats (Lair:5)
  Robin (D:3)
  6 adders
  7 gnolls (D:8)
  9 river rats
  A shadow imp (D:8)
  3 white imps
  An ufetubus (D:3)
  4 dart slugs
  39 orcs
  16 ball pythons
  16 endoplasms
  A giant cockroach (D:3)
  11 goblins
  13 hobgoblins
  14 jackals
  13 kobolds
  17 quokkas
  10 bats
  10 frilled lizards
  28 rats
384 creatures vanquished.

Vanquished Creatures (collateral kills)
  2 hydras
  2 cane toads
  An orc (D:8)
5 creatures vanquished.

Vanquished Creatures (others)
  28 fungi
  79 plants
107 creatures vanquished.

Grand Total: 496 creatures vanquished

Notes
Turn   | Place    | Note
-------+----------+-------------------------------------------
     0 | D:1      | qw the Minotaur Berserker began the quest for the Orb.
     0 | D:1      | Reached XP level 1. HP: 19/19 MP: 0/0
     0 | D:1      | 0 ||| qw: Version: 0.1-a-116-g5d60599
     0 | D:1      | 0 ||| qw: Game counter: 7673
     0 | D:1      | 0 ||| qw: Always use a shield: true
     0 | D:1      | 0 ||| qw: Do Orc after D:15 true
     0 | D:1      | 0 ||| qw: Do second Lair branch before Depths: true
     0 | D:1      | 0 ||| qw: Lair rune preference: random
     0 | D:1      | 0 ||| qw: Plans: Normal
     0 | D:1      | 0 ||| PLANNING D:1-11
   175 | D:1      | Reached XP level 2. HP: 24/26 MP: 1/1
   235 | D:1      | 235 ||| Stepping ~*~*~tactically~*~*~ (stealth).
   236 | D:1      | 236 ||| Stepping ~*~*~tactically~*~*~ (stealth).
   326 | D:1      | 326 ||| Stepping ~*~*~tactically~*~*~ (stealth).
   330 | D:1      | 330 ||| Stepping ~*~*~tactically~*~*~ (stealth).
   499 | D:1      | 499 ||| Stepping ~*~*~tactically~*~*~ (stealth).
   609 | D:1      | 609 ||| Stepping ~*~*~tactically~*~*~ (stealth).
   620 | D:1      | 620 ||| Stepping ~*~*~tactically~*~*~ (stealth).
   621 | D:1      | 621 ||| Stepping ~*~*~tactically~*~*~ (stealth).
   735 | D:1      | 735 ||| Stepping ~*~*~tactically~*~*~ (hiding).
   740 | D:1      | Reached XP level 3. HP: 31/31 MP: 2/2
   851 | D:1      | Reached ** piety under Trog
  1422 | D:1      | 1422 ||| UPGRADING to +0 leather armour.
  1432 | D:1      | 1432 ||| DROPPING +0 animal skin.
  1433 | D:1      | 1433 ||| UPGRADING to ring of positive energy.
  1434 | D:1      | 1434 ||| READING scroll labelled ETAIN RULUPTOQE.
  1435 | D:1      | 1435 ||| READING 2 scrolls labelled ZIAFAUSURE.
  1436 | D:1      | 1436 ||| READING 2 scrolls labelled SEOTUS KUMUAS.
  1437 | D:1      | 1437 ||| READING scroll labelled SUUFAF SI DAS.
  1438 | D:1      | 1438 ||| READING scroll labelled CAQOWN OSOMP.
  1439 | D:1      | 1439 ||| READING scroll labelled KOMMEAD MAMESAEZU.
  1440 | D:1      | 1440 ||| DROPPING scroll of noise.
  1441 | D:1      | 1441 ||| Stepping randomly (stuck).
  1442 | D:1      | 1442 ||| Stepping randomly (stuck).
  1443 | D:1      | 1443 ||| Stepping randomly (stuck).
  1444 | D:1      | 1444 ||| Stepping randomly (stuck).
  1445 | D:1      | 1445 ||| Stepping randomly (stuck).
  1446 | D:1      | 1446 ||| Stepping randomly (stuck).
  1447 | D:1      | 1447 ||| Stepping randomly (stuck).
  1448 | D:1      | 1448 ||| Stepping ~*~*~tactically~*~*~ (cloud).
  1632 | D:2      | 1632 ||| DROPPING +0 whip.
  1668 | D:2      | 1668 ||| Stepping ~*~*~tactically~*~*~ (stealth).
  1693 | D:2      | Found a faded altar of an unknown god.
  2014 | D:2      | 2014 ||| Stepping ~*~*~tactically~*~*~ (stealth).
  2136 | D:2      | Reached XP level 4. HP: 39/39 MP: 3/3
  2193 | D:2      | Reached skill level 6 in Axes
  2303 | D:2      | Found Resovut's Weapon Shop.
  2336 | D:2      | 2336 ||| SHOPLISTING +1 vampiric broad axe (209 gold, have
                  | 142).
  2350 | D:2      | 2350 ||| UPGRADING to +0 pair of boots.
  2355 | D:2      | 2355 ||| UPGRADING to +0 ring mail.
  2365 | D:2      | 2365 ||| DROPPING +0 leather armour.
  2366 | D:2      | 2366 ||| UPGRADING to +0 cloak.
  2371 | D:2      | 2371 ||| DROPPING ring of magical power.
  2372 | D:2      | 2372 ||| READING scroll labelled MENNEA CAGI.
  2373 | D:2      | 2373 ||| DRINKING 2 green potions.
  2374 | D:2      | 2374 ||| READING 2 scrolls of identify.
  2374 | D:2      | 2374 ||| IDENTIFYING fuming white potion
  2375 | D:2      | 2375 ||| DROPPING potion of ambrosia.
  2454 | D:3      | 2454 ||| Stepping ~*~*~tactically~*~*~ (stealth).
  2456 | D:3      | 2456 ||| Stepping ~*~*~tactically~*~*~ (stealth).
  2462 | D:3      | 2462 ||| Stepping ~*~*~tactically~*~*~ (stealth).
  2468 | D:3      | 2468 ||| Stepping ~*~*~tactically~*~*~ (stealth).
  2470 | D:3      | 2470 ||| Stepping ~*~*~tactically~*~*~ (stealth).
  2476 | D:3      | 2476 ||| Stepping ~*~*~tactically~*~*~ (stealth).
  2477 | D:3      | 2477 ||| Stepping ~*~*~tactically~*~*~ (stealth).
  2815 | D:3      | 2815 ||| Stepping ~*~*~tactically~*~*~ (stealth).
  2840 | D:3      | Reached *** piety under Trog
  2948 | D:3      | 2948 ||| Stepping ~*~*~tactically~*~*~ (stealth).
  2962 | D:3      | 2962 ||| FLEEEEING.
  2963 | D:3      | 2963 ||| FLEEEEING.
  2964 | D:3      | 2964 ||| FLEEEEING.
  3073 | D:3      | Noticed Robin
  3077 | D:3      | 3077 ||| INVOKING Berserk.
  3079 | D:3      | Killed Robin
  3094 | D:3      | 3094 ||| Stepping ~*~*~tactically~*~*~ (stealth).
  3095 | D:3      | 3095 ||| Stepping ~*~*~tactically~*~*~ (stealth).
  3097 | D:3      | 3097 ||| Stepping ~*~*~tactically~*~*~ (stealth).
  3129 | D:3      | 3129 ||| Stepping ~*~*~tactically~*~*~ (stealth).
  3130 | D:3      | 3130 ||| Stepping ~*~*~tactically~*~*~ (stealth).
  3175 | D:3      | Reached XP level 5. HP: 45/45 MP: 4/4
  3241 | D:3      | 3241 ||| Stepping ~*~*~tactically~*~*~ (stealth).
  3252 | D:3      | 3252 ||| Stepping ~*~*~tactically~*~*~ (stealth).
  3255 | D:3      | 3255 ||| Stepping ~*~*~tactically~*~*~ (stealth).
  3260 | D:3      | 3260 ||| Stepping ~*~*~tactically~*~*~ (hiding).
  3274 | D:3      | 3274 ||| Stepping ~*~*~tactically~*~*~ (stealth).
  3275 | D:3      | 3275 ||| Stepping ~*~*~tactically~*~*~ (stealth).
  3559 | D:3      | 3559 ||| UPGRADING to +0 chain mail.
  3569 | D:3      | 3569 ||| DROPPING +0 ring mail.
  3570 | D:3      | 3570 ||| UPGRADING to +0 pair of gloves.
  3575 | D:3      | 3575 ||| UPGRADING to ring of resist corrosion.
  3601 | D:4      | 3601 ||| PLANNING SEWER
  3627 | D:4      | Found a runed translucent door.
  3628 | D:4      | Noticed Crazy Yiuf
  3804 | D:4      | Found Taocra's Antique Weapon Emporium.
  3810 | D:4      | 3810 ||| SHOPLISTING twisted morningstar (261 gold, have
                  | 206).
  3824 | D:4      | Found a glowing drain.
  3825 | D:4      | 3825 ||| READING scroll labelled WEGAVE QA TUNU.
  3827 | D:4      | 3827 ||| FLEEEEING.
  3968 | Sewer    | Entered a sewer
  3985 | Sewer    | Reached skill level 3 in Armour
  3986 | Sewer    | 3986 ||| Stepping ~*~*~tactically~*~*~ (stealth).
  3997 | Sewer    | 3997 ||| Stepping ~*~*~tactically~*~*~ (water).
  3997 | Sewer    | Reached **** piety under Trog
  4083 | Sewer    | 4083 ||| Stepping ~*~*~tactically~*~*~ (water).
  4323 | Sewer    | 4323 ||| Stepping ~*~*~tactically~*~*~ (water).
  4519 | Sewer    | 4519 ||| READING scroll labelled RUPHUL OMIH.
  4520 | Sewer    | 4520 ||| READING 2 scrolls labelled LAULIQ JISEBLIPT.
  4524 | Sewer    | 4524 ||| READING scroll labelled BYLAIBRA FEMUMM.
  4525 | Sewer    | 4525 ||| READING scroll labelled MUNIGAAPEE.
  4526 | Sewer    | 4526 ||| READING 2 scrolls of identify.
  4526 | Sewer    | 4526 ||| IDENTIFYING pink potion
  4579 | D:4      | 4579 ||| PLANNING D:1-11
  4607 | D:4      | Reached XP level 6. HP: 50/52 MP: 5/5
  4652 | D:4      | 4652 ||| Stepping ~*~*~tactically~*~*~ (stealth).
  4724 | D:4      | 4724 ||| INVOKING Berserk.
  4913 | D:4      | Noticed Ijyb
  4915 | D:4      | 4915 ||| INVOKING Berserk.
  4919 | D:4      | Killed Ijyb
  5098 | D:4      | Reached skill level 9 in Axes
  5359 | D:4      | 5359 ||| READING scroll labelled NYMIVA VIZUGEI.
  5540 | D:5      | Entered Level 5 of the Dungeon
  5607 | D:5      | Reached XP level 7. HP: 55/61 MP: 6/6
  5636 | D:5      | 5636 ||| Stepping ~*~*~tactically~*~*~ (stealth).
  5689 | D:5      | 5689 ||| Stepping ~*~*~tactically~*~*~ (stealth).
  5690 | D:5      | 5690 ||| INVOKING Berserk.
  5886 | D:5      | 5886 ||| Stepping ~*~*~tactically~*~*~ (hiding).
  5889 | D:5      | 5889 ||| Stepping ~*~*~tactically~*~*~ (stealth).
  5895 | D:5      | 5895 ||| INVOKING Berserk.
  6013 | D:5      | 6013 ||| SWAPPING to +0 war axe.
  6014 | D:5      | 6014 ||| DROPPING +1 hand axe.
  6051 | D:5      | Noticed Eustachio
  6057 | D:5      | 6057 ||| INVOKING Berserk.
  6062 | D:5      | Killed Eustachio
  6189 | D:5      | 6189 ||| Stepping ~*~*~tactically~*~*~ (hiding).
  6478 | D:5      | Noticed Menkaure
  6479 | D:5      | 6479 ||| Stepping ~*~*~tactically~*~*~ (hiding).
  6481 | D:5      | 6481 ||| INVOKING Berserk.
  6483 | D:5      | Killed Menkaure
  6484 | D:5      | Reached skill level 6 in Fighting
  6484 | D:5      | Reached XP level 8. HP: 71/71 MP: 7/7
  6740 | D:5      | 6740 ||| Stepping ~*~*~tactically~*~*~ (stealth).
  6745 | D:5      | 6745 ||| INVOKING Berserk.
  6870 | D:5      | 6870 ||| INVOKING Berserk.
  7056 | D:5      | Noticed Prince Ribbit
  7057 | D:5      | 7057 ||| INVOKING Berserk.
  7061 | D:5      | Killed Prince Ribbit
  7327 | D:5      | 7327 ||| READING 2 scrolls of identify.
  7327 | D:5      | 7327 ||| IDENTIFYING murky puce potion
  7581 | D:6      | 7581 ||| INVOKING Berserk.
  7719 | D:6      | 7719 ||| READING 3 scrolls of enchant weapon.
  7719 | D:6      | 7719 ||| ENCHANTING +0 war axe.
  7720 | D:6      | 7720 ||| READING 2 scrolls of enchant weapon.
  7720 | D:6      | 7720 ||| ENCHANTING +1 war axe.
  7721 | D:6      | 7721 ||| READING scroll of enchant weapon.
  7721 | D:6      | 7721 ||| ENCHANTING +2 war axe.
  7729 | D:6      | 7729 ||| INVOKING Berserk.
  7870 | D:6      | Found a staircase to the Ecumenical Temple.
  8030 | D:6      | Found an iron altar of Okawaru.
  8119 | D:6      | 8119 ||| Stepping ~*~*~tactically~*~*~ (stealth).
  8128 | D:6      | Reached skill level 12 in Axes
  8135 | D:6      | 8135 ||| Stepping ~*~*~tactically~*~*~ (stealth).
  8196 | D:6      | 8196 ||| Stepping ~*~*~tactically~*~*~ (stealth).
  8198 | D:6      | 8198 ||| Stepping ~*~*~tactically~*~*~ (stealth).
  8245 | D:6      | Reached XP level 9. HP: 79/79 MP: 8/8
  8247 | D:6      | 8247 ||| Stepping ~*~*~tactically~*~*~ (stealth).
  8252 | D:6      | 8252 ||| Stepping ~*~*~tactically~*~*~ (stealth).
  8256 | D:6      | 8256 ||| Stepping ~*~*~tactically~*~*~ (stealth).
  8343 | D:6      | 8343 ||| Stepping ~*~*~tactically~*~*~ (hiding).
  8352 | D:6      | 8352 ||| Stepping ~*~*~tactically~*~*~ (stealth).
  8364 | D:6      | 8364 ||| INVOKING Berserk.
  8502 | D:6      | 8502 ||| READING 3 scrolls of identify.
  8502 | D:6      | 8502 ||| IDENTIFYING emerald potion
  8503 | D:6      | 8503 ||| READING 2 scrolls of identify.
  8503 | D:6      | 8503 ||| IDENTIFYING fuming blue potion
  8504 | D:6      | 8504 ||| DROPPING potion of brilliance.
  8626 | D:7      | 8626 ||| Stepping ~*~*~tactically~*~*~ (stealth).
  8855 | D:7      | 8855 ||| FLEEEEING.
  8862 | D:7      | 8862 ||| INVOKING Berserk.
  8884 | D:7      | 8884 ||| Stepping ~*~*~tactically~*~*~ (stealth).
  8940 | D:7      | 8940 ||| Stepping ~*~*~tactically~*~*~ (stealth).
  8982 | D:7      | Found Vumyis's Antique Armour Emporium.
  8989 | D:7      | 8989 ||| SHOPLISTING ichor-stained fire dragon scales (1820
                  | gold, have 476).
  9032 | D:7      | 9032 ||| Stepping ~*~*~tactically~*~*~ (hiding).
  9039 | D:7      | Reached skill level 6 in Armour
  9190 | D:7      | 9190 ||| INVOKING Berserk.
  9311 | D:7      | 9311 ||| Stepping ~*~*~tactically~*~*~ (hiding).
  9313 | D:7      | 9313 ||| Stepping ~*~*~tactically~*~*~ (hiding).
  9534 | D:7      | 9534 ||| Stepping ~*~*~tactically~*~*~ (hiding).
  9560 | D:7      | 9560 ||| Stepping ~*~*~tactically~*~*~ (hiding).
  9564 | D:7      | 9564 ||| INVOKING Berserk.
 10009 | D:8      | Noticed Pikel
 10010 | D:8      | 10010 ||| STAIRDANCE
 10012 | D:7      | 10012 ||| DRINKING potion of cancellation.
 10085 | D:8      | 10085 ||| STAIRDANCE
 10112 | D:8      | 10112 ||| INVOKING Berserk.
 10117 | D:8      | Killed Pikel
 10270 | D:8      | 10270 ||| FLEEEEING.
 10271 | D:8      | 10271 ||| FLEEEEING.
 10272 | D:8      | 10272 ||| FLEEEEING.
 10273 | D:8      | 10273 ||| FLEEEEING.
 10274 | D:8      | 10274 ||| FLEEEEING.
 10275 | D:8      | 10275 ||| FLEEEEING.
 10276 | D:8      | 10276 ||| FLEEEEING.
 10277 | D:8      | 10277 ||| FLEEEEING.
 10278 | D:8      | 10278 ||| FLEEEEING.
 10281 | D:8      | 10281 ||| FLEEEEING.
 10282 | D:8      | 10282 ||| FLEEEEING.
 10283 | D:8      | 10283 ||| FLEEEEING.
 10284 | D:8      | 10284 ||| FLEEEEING.
 10285 | D:8      | 10285 ||| FLEEEEING.
 10286 | D:8      | 10286 ||| FLEEEEING.
 10287 | D:8      | 10287 ||| FLEEEEING.
 10288 | D:8      | 10288 ||| FLEEEEING.
 10289 | D:8      | 10289 ||| FLEEEEING.
 10293 | D:8      | 10293 ||| STAIRDANCE
 10363 | D:8      | 10363 ||| STAIRDANCE
 10369 | D:8      | 10369 ||| INVOKING Berserk.
 10376 | D:8      | 10376 ||| FLEEEEING.
 10377 | D:8      | 10377 ||| FLEEEEING.
 10380 | D:8      | 10380 ||| STAIRDANCE
 10514 | D:8      | 10514 ||| FLEEEEING.
 10515 | D:8      | 10515 ||| FLEEEEING.
 10516 | D:8      | 10516 ||| FLEEEEING.
 10517 | D:8      | 10517 ||| FLEEEEING.
 10518 | D:8      | 10518 ||| FLEEEEING.
 10519 | D:8      | 10519 ||| FLEEEEING.
 10520 | D:8      | 10520 ||| FLEEEEING.
 10521 | D:8      | 10521 ||| FLEEEEING.
 10522 | D:8      | 10522 ||| FLEEEEING.
 10523 | D:8      | 10523 ||| FLEEEEING.
 10524 | D:8      | 10524 ||| FLEEEEING.
 10525 | D:8      | 10525 ||| STAIRDANCE
 10569 | D:8      | 10569 ||| STAIRDANCE
 10586 | D:8      | 10586 ||| STAIRDANCE
 10594 | D:8      | 10594 ||| FLEEEEING.
 10595 | D:8      | 10595 ||| STAIRDANCE
 10692 | D:8      | Found an opulent altar of Gozag.
 10692 | D:8      | Found a snail-covered altar of Cheibriados.
 10708 | D:8      | 10708 ||| Stepping ~*~*~tactically~*~*~ (stealth).
 10748 | D:8      | Reached XP level 10. HP: 85/88 MP: 9/9
 10794 | D:8      | 10794 ||| FLEEEEING.
 10795 | D:8      | 10795 ||| FLEEEEING.
 10796 | D:8      | 10796 ||| FLEEEEING.
 10797 | D:8      | 10797 ||| FLEEEEING.
 10798 | D:8      | 10798 ||| FLEEEEING.
 10799 | D:8      | 10799 ||| FLEEEEING.
 10800 | D:8      | 10800 ||| FLEEEEING.
 10801 | D:8      | 10801 ||| FLEEEEING.
 10802 | D:8      | 10802 ||| FLEEEEING.
 10803 | D:8      | 10803 ||| FLEEEEING.
 10804 | D:8      | 10804 ||| FLEEEEING.
 10807 | D:8      | 10807 ||| FLEEEEING.
 10808 | D:8      | 10808 ||| FLEEEEING.
 10809 | D:8      | 10809 ||| FLEEEEING.
 10810 | D:8      | 10810 ||| FLEEEEING.
 10811 | D:8      | 10811 ||| STAIRDANCE
 10868 | D:8      | Reached ***** piety under Trog
 10897 | D:8      | Noticed Erica
 10898 | D:8      | 10898 ||| Stepping ~*~*~tactically~*~*~ (hiding).
 10899 | D:8      | 10899 ||| Stepping ~*~*~tactically~*~*~ (hiding).
 10900 | D:8      | 10900 ||| Stepping ~*~*~tactically~*~*~ (hiding).
 10902 | D:8      | 10902 ||| Stepping ~*~*~tactically~*~*~ (hiding).
 10905 | D:8      | 10905 ||| INVOKING Brothers in Arms.
 10906 | D:8      | 10906 ||| INVOKING Berserk.
 10910 | D:8      | Killed Erica
 10911 | D:8      | Reached skill level 15 in Axes
 10975 | D:8      | 10975 ||| FLEEEEING.
 10976 | D:8      | 10976 ||| FLEEEEING.
 10977 | D:8      | 10977 ||| FLEEEEING.
 10978 | D:8      | 10978 ||| FLEEEEING.
 10979 | D:8      | 10979 ||| FLEEEEING.
 10980 | D:8      | 10980 ||| FLEEEEING.
 10981 | D:8      | 10981 ||| FLEEEEING.
 10989 | D:8      | 10989 ||| FLEEEEING.
 10990 | D:8      | 10990 ||| FLEEEEING.
 10991 | D:8      | 10991 ||| FLEEEEING.
 10992 | D:8      | 10992 ||| STAIRDANCE
 11101 | D:8      | Identified the +7 falchion of Currency {freeze, Fly rF+
                  | Str+4 Int+6 Dex-2}
 11321 | D:8      | 11321 ||| UPGRADING to ring of willpower.
 11323 | D:8      | 11323 ||| READING 4 scrolls of identify.
 11323 | D:8      | 11323 ||| IDENTIFYING metallic inky potion
 11324 | D:8      | 11324 ||| DROPPING potion of magic.
 11393 | D:9      | You fall into a shaft and drop 1 floor!
 11393 | D:10     | Entered Level 10 of the Dungeon
 11434 | D:10     | Noticed Maurice
 11435 | D:10     | 11435 ||| Stepping ~*~*~tactically~*~*~ (hiding).
 11456 | D:10     | Killed Maurice
 11544 | D:9      | Reached skill level 9 in Fighting
 11603 | D:9      | 11603 ||| Stepping ~*~*~tactically~*~*~ (stealth).
 11604 | D:9      | 11604 ||| Stepping ~*~*~tactically~*~*~ (stealth).
 11709 | D:9      | 11709 ||| Stepping ~*~*~tactically~*~*~ (stealth).
 12021 | D:9      | Noticed Grum
 12025 | D:9      | 12025 ||| INVOKING Berserk.
 12028 | D:9      | Reached skill level 3 in Dodging
 12031 | D:9      | Killed Grum
 12173 | D:9      | 12173 ||| INVOKING Berserk.
 12367 | D:9      | Found a staircase to the Lair.
 12438 | D:9      | 12438 ||| Stepping ~*~*~tactically~*~*~ (hiding).
 12548 | D:9      | 12548 ||| PLANNING LAIR
 12548 | D:9      | 12548 ||| UPGRADING to +4 ring mail of cold resistance.
 12659 | Lair:1   | Entered Level 1 of the Lair of Beasts
 12696 | Lair:1   | Noticed Maggie
 12698 | Lair:1   | 12698 ||| INVOKING Berserk.
 12710 | Lair:1   | Killed Maggie
 12714 | Lair:1   | Reached XP level 11. HP: 83/100 MP: 10/10
 12860 | Lair:1   | 12860 ||| INVOKING Berserk.
 12886 | Lair:1   | 12886 ||| Stepping ~*~*~tactically~*~*~ (stealth).
 12888 | Lair:1   | 12888 ||| Stepping ~*~*~tactically~*~*~ (stealth).
 12936 | Lair:1   | 12936 ||| Stepping ~*~*~tactically~*~*~ (stealth).
 13486 | Lair:1   | Noticed Gastronok
 13488 | Lair:1   | 13488 ||| Stepping ~*~*~tactically~*~*~ (hiding).
 13490 | Lair:1   | 13490 ||| INVOKING Berserk.
 13501 | Lair:1   | Killed Gastronok
 13502 | Lair:1   | Reached skill level 12 in Fighting
 13647 | Lair:1   | 13647 ||| INVOKING Berserk.
 13923 | Lair:1   | 13923 ||| UPGRADING to +1 hat of see invisible.
 13928 | Lair:1   | 13928 ||| DRINKING 3 white potions.
 13957 | Lair:2   | 13957 ||| PLANNING GAUNTLET
 13961 | Lair:2   | Noticed a boulder beetle
 13962 | Lair:2   | 13962 ||| Stepping ~*~*~tactically~*~*~ (stealth).
 13986 | Lair:2   | 13986 ||| INVOKING Berserk.
 13999 | Lair:2   | Killed a boulder beetle
 14262 | Lair:2   | 14262 ||| Stepping ~*~*~tactically~*~*~ (stealth).
 14368 | Lair:2   | Reached skill level 6 in Dodging
 14394 | Lair:2   | 14394 ||| RIP GAUNTLET
 14422 | Lair:2   | 14422 ||| PLANNING LAIR
 14639 | Lair:2   | 14639 ||| INVOKING Berserk.
 14757 | Lair:2   | 14757 ||| INVOKING Berserk.
 15112 | Lair:2   | 15112 ||| UPGRADING to ring of protection from cold.
 15114 | Lair:2   | 15114 ||| UPGRADING to +0 chain mail.
 15124 | Lair:2   | 15124 ||| READING scroll labelled ETHIUR MEHUKYL.
 15336 | Lair:3   | 15336 ||| STAIRDANCE
 15395 | Lair:3   | 15395 ||| INVOKING Berserk.
 15400 | Lair:3   | 15400 ||| STAIRDANCE
 15623 | Lair:3   | Reached skill level 9 in Armour
 15686 | Lair:3   | 15686 ||| INVOKING Berserk.
 15948 | Lair:3   | Noticed Snorg
 15953 | Lair:3   | 15953 ||| INVOKING Berserk.
 15962 | Lair:3   | Killed Snorg
 16188 | Lair:3   | Reached XP level 12. HP: 115/115 MP: 11/11
 16194 | Lair:3   | 16194 ||| Stepping ~*~*~tactically~*~*~ (stealth).
 16206 | Lair:3   | 16206 ||| Stepping ~*~*~tactically~*~*~ (stealth).
 16207 | Lair:3   | 16207 ||| Stepping ~*~*~tactically~*~*~ (stealth).
 16256 | Lair:3   | Found a staircase to the Snake Pit.
 16429 | Lair:3   | Found a staircase to the Shoals.
 17146 | Lair:3   | 17146 ||| UPGRADING to amulet of guardian spirit.
 17151 | Lair:3   | 17151 ||| UPGRADING to +4 ring of protection.
 17189 | Lair:4   | 17189 ||| FLEEEEING.
 17362 | Lair:4   | Noticed an eight-headed hydra
 17363 | Lair:4   | 17363 ||| INVOKING Brothers in Arms.
 17368 | Lair:4   | 17368 ||| FLEEEEING.
 17371 | Lair:4   | 17371 ||| SWAPPING to +0 eveningstar.
 17372 | Lair:4   | 17372 ||| INVOKING Berserk.
 17376 | Lair:4   | Killed an eight-headed hydra
 17403 | Lair:4   | 17403 ||| SWAPPING to +3 war axe.
 17628 | Lair:4   | 17628 ||| Stepping ~*~*~tactically~*~*~ (hiding).
 17748 | Lair:4   | Noticed an ice dragon
 17752 | Lair:4   | 17752 ||| INVOKING Berserk.
 17758 | Lair:4   | Killed an ice dragon
 17859 | Lair:4   | Noticed a four-headed hydra
 17860 | Lair:4   | 17860 ||| INVOKING Brothers in Arms.
 17862 | Lair:4   | 17862 ||| INVOKING Brothers in Arms.
 17863 | Lair:4   | 17863 ||| INVOKING Brothers in Arms.
 17864 | Lair:4   | 17864 ||| INVOKING Brothers in Arms.
 17865 | Lair:4   | 17865 ||| SWAPPING to +0 eveningstar.
 17866 | Lair:4   | 17866 ||| INVOKING Berserk.
 17868 | Lair:4   | Killed a four-headed hydra
 17869 | Lair:4   | Reached skill level 12 in Armour
 17890 | Lair:4   | 17890 ||| SWAPPING to +3 war axe.
 18149 | Lair:4   | 18149 ||| INVOKING Berserk.
 18296 | Lair:4   | Noticed an eight-headed hydra
 18297 | Lair:4   | 18297 ||| INVOKING Brothers in Arms.
 18299 | Lair:4   | 18299 ||| SWAPPING to +0 eveningstar.
 18301 | Lair:4   | 18301 ||| INVOKING Berserk.
 18302 | Lair:4   | Killed an eight-headed hydra
 18310 | Lair:4   | 18310 ||| SWAPPING to +3 war axe.
 18736 | Lair:5   | Entered Level 5 of the Lair of Beasts
 18762 | Lair:5   | Noticed a boulder beetle
 18763 | Lair:5   | 18763 ||| FLEEEEING.
 18764 | Lair:5   | 18764 ||| STAIRDANCE
 18817 | Lair:5   | 18817 ||| Stepping ~*~*~tactically~*~*~ (stealth).
 18834 | Lair:5   | Reached skill level 15 in Fighting
 19046 | Lair:5   | Noticed a catoblepas
 19047 | Lair:5   | 19047 ||| FLEEEEING.
 19048 | Lair:5   | 19048 ||| FLEEEEING.
 19049 | Lair:5   | 19049 ||| FLEEEEING.
 19092 | Lair:5   | 19092 ||| FLEEEEING.
 19148 | Lair:5   | 19148 ||| Stepping ~*~*~tactically~*~*~ (cloud).
 19150 | Lair:5   | 19150 ||| Stepping ~*~*~tactically~*~*~ (cloud).
 19151 | Lair:5   | 19151 ||| INVOKING Berserk.
 19156 | Lair:5   | Killed a catoblepas
 19223 | Lair:5   | 19223 ||| Stepping ~*~*~tactically~*~*~ (stealth).
 19233 | Lair:5   | Noticed a six-headed hydra
 19234 | Lair:5   | 19234 ||| INVOKING Brothers in Arms.
 19235 | Lair:5   | 19235 ||| INVOKING Brothers in Arms.
 19236 | Lair:5   | 19236 ||| INVOKING Brothers in Arms.
 19237 | Lair:5   | 19237 ||| INVOKING Brothers in Arms.
 19238 | Lair:5   | 19238 ||| SWAPPING to +0 eveningstar.
 19239 | Lair:5   | 19239 ||| INVOKING Berserk.
 19242 | Lair:5   | Killed a six-headed hydra
 19251 | Lair:5   | 19251 ||| SWAPPING to +3 war axe.
 19258 | Lair:5   | HP: 30/122 [guardian serpent (3)]
 19259 | Lair:5   | 19259 ||| READING 7 scrolls of teleportation.
 19260 | Lair:5   | 19260 ||| DRINKING 5 potions of heal wounds.
 19263 | Lair:5   | HP: 25/122 [torpor snail (15)]
 19264 | Lair:5   | 19264 ||| READING 6 scrolls of teleportation.
 19265 | Lair:5   | 19265 ||| DRINKING 4 potions of heal wounds.
 19266 | Lair:5   | 19266 ||| READING 5 scrolls of teleportation.
 19267 | Lair:5   | 19267 ||| DRINKING 3 potions of heal wounds.
 19270 | Lair:5   | Found a staircase to the Slime Pits.
 19282 | Lair:5   | Noticed a boulder beetle
 19285 | Lair:5   | HP: 25/122 [boulder beetle (11)]
 19286 | Lair:5   | 19286 ||| READING 4 scrolls of teleportation.
 19287 | Lair:5   | 19287 ||| DRINKING 2 potions of heal wounds.
 19288 | Lair:5   | 19288 ||| DRINKING potion of heal wounds.
 19290 | Lair:5   | HP: 7/122 [poisoned by a cane toad]
 19290 | Lair:5   | HP: 3/122 [boulder beetle (4)]
 19290 | Lair:5   | Slain by a slime creature

Levels and vault maps discovered:
D:1:      dpeg_arrival_rooms_c, layout_loops_corners
D:2:      layout_basic, hellmonk_ecumenical_altar_leap_of_faith, serial_glass,
          glass_columns_a, glass_columns_a, glass_columns_c, glass_columns_c,
          serial_shops, shop, minmay_heptomino_h4
D:3:      layout_loops_corners, grunt_decor_fettered, minmay_pentangle,
          uniq_robin
D:4:      layout_basic, serial_shops, nicolae_shop_overgrown_old_shop,
          cheibrodos_sewer_entry_sluice, hangedman_abyss_or_decor_passed,
          minmay_misc_feat_tiny, grunt_ministairs_1, uniq_ijyb,
          uniq_crazy_yiuf_cottage
D:5:      layout_basic, uniq_menkaure, uniq_eustachio, uniq_prince_ribbit1
D:6:      lemuel_ratsnest, layout_rooms, okawaru_gym_becter,
          minmay_temple_entry_offerings, minivault_19
D:7:      layout_loops_ring, serial_shops, shop, kennysheep_generic_room_12
D:8:      layout_rooms, nicolae_overflow_two_pavilions, uniq_pikel, uniq_erica
D:9:      layout_roguey, erik_lair_dragon, wad_dig_loot, uniq_grum
D:10:     layout_roguey, minmay_misc_feat_encased, kennysheep_cross_bottleneck,
          disabler_island, uniq_maurice
Lair:1:   layout_loops_ring, serial_forest, infiniplex_forest_clump_large,
          infiniplex_forest_lined_1, infiniplex_forest_clump_diagonal,
          infiniplex_forest_clump_small, infiniplex_forest_end_3,
          infiniplex_forest_clump_curved, infiniplex_forest_zigzag_1,
          st_stairs_3, serial_bayou_pond_d, infiniplex_staircase_pool_2,
          uniq_maggie, uniq_gastronok
Lair:2:   layout_regular_city, gauntlet_entry_generic, serial_bayou_shore_a
Lair:3:   layout_regular_city, elwin_shoals_entry_rooms, dummy_snake_entry,
          chequers_serial_rivers_micro_c, uniq_snorg
Lair:4:   layout_gridlike, bobbens_ice_dragon_lair, grunt_megastairs_2,
          infiniplex_staircase_pool
Lair:5:   wormcave, layout_regular_city, hangedman_lair_tendril_chambers,
          minmay_slime_entry_pillars, grunt_megastairs_1

Skill      XL: |  1  2  3  4  5  6  7  8  9 10 11 12 |
---------------+-------------------------------------+-----
Axes           | 4 5 6 7 9 10 12 14 16 | 16.0
Armour         | 3 4 5 6 7 10 12 | 12.7
Fighting       | 4 5 6 7 8 10 13 16 | 16.0
Dodging        | 4 6 |  6.0

Action                   |  1- 3 |  4- 6 |  7- 9 | 10-12 || total
-------------------------+-------+-------+-------+-------++-------
Melee: Hand axe          |   111 |   202 |    16 |       ||   329
       Headbutt          |    10 |    23 |    36 |    87 ||   156
       Punch             |     1 |     2 |       |     4 ||     7
       War axe           |       |       |   223 |   412 ||   635
       Eveningstar       |       |       |       |    14 ||    14
Throw: Boomerang         |       |    56 |     8 |       ||    64
Invok: Berserk           |       |     3 |    15 |    20 ||    38
       Brothers in Arms  |       |       |       |     5 ||     5
  Use: Scroll            |     6 |     9 |     6 |     6 ||    27
       Potion            |       |     1 |     1 |     6 ||     8
 Stab: Distracted        |     1 |       |       |       ||     1
Armor: Animal skin       |    10 |       |       |       ||    10
       Leather armour    |     8 |       |       |       ||     8
       Ring mail         |       |    17 |       |    30 ||    47
       Chain mail        |       |    66 |   104 |   149 ||   319
Dodge: Dodged            |    54 |    84 |    68 |   187 ||   393

Table legend:
 A = Non-vault XP
 B = Vault XP
 C = Vault XP percentage of total XP
 D = Non-vault monster count
 E = Vault monster count
 F = Vault count percentage of total count
                 A         B        C        D         E       F
            +---------+---------+-------+---------+---------+-------
      Total |   22017 |   14911 |  40.4 |     246 |     140 |  36.3
            +---------+---------+-------+---------+---------+-------
        D:1 |      66 |       0 |   0.0 |      37 |       0 |   0.0
        D:2 |      27 |       7 |  20.6 |      16 |       4 |  20.0
        D:3 |      68 |      58 |  46.0 |      26 |      23 |  46.9
        D:4 |     190 |     146 |  43.5 |       9 |       6 |  40.0
        D:5 |     603 |     625 |  50.9 |      18 |       3 |  14.3
        D:6 |     551 |     505 |  47.8 |       7 |      38 |  84.4
        D:7 |    1343 |       0 |   0.0 |      28 |       0 |   0.0
        D:8 |    1010 |    1485 |  59.5 |      22 |       2 |   8.3
        D:9 |     787 |    2015 |  71.9 |      15 |      11 |  42.3
       D:10 |       0 |     480 | 100.0 |       0 |       1 | 100.0
     Lair:1 |    3064 |    2555 |  45.5 |      16 |       4 |  20.0
     Lair:2 |    3093 |       0 |   0.0 |      14 |       0 |   0.0
     Lair:3 |    3796 |    1745 |  31.5 |      15 |       3 |  16.7
     Lair:4 |    4217 |    1845 |  30.4 |      14 |       4 |  22.2
     Lair:5 |    3202 |    3332 |  51.0 |       9 |      13 |  59.1
      Sewer |       0 |     113 | 100.0 |       0 |      28 | 100.0
            +---------+---------+-------+---------+---------+-------
